Cogmind - Beta 14 @@@ ROGUE MODE // 2024.08.18 @ 12:47:08 Player: TheProctologist Result: Self-destructed Performance ------------- Evolutions (3) 1500 Regions Visited (7) 1400 Robots Destroyed (77) 385 Value Destroyed (2320) 2320 Prototype IDs (2) 40 Alien Tech Used (0) 0 Bonus (1188) 1188 TOTAL SCORE: 6833 Bonus ------- High Alert Combat Kills 188 Entered Garrisons 200 Used RIF Installer 500 Aligned with FarCom 300 Cogmind --------- Core Integrity 629/700 Matter 16/300 Energy 150/150 System Corruption 1% Temperature Cool (0) Movement Treading (240) Ox1 Location -7/Factory Parts ------- > --- POWER (1) -------- Micro Nuclear Core > --- PROPULSION (3) --- Light Treads Light Treads > --- UTILITY (4) ------ High-capacity Storage Unit Targeting Computer Transmission Jammer Relay Coupler [NC] (13) > --- WEAPON (5) ------- Gauss Rifle Gauss Rifle Gauss Rifle Flak Gun > --- INVENTORY (20) --- Light Nuclear Core Light Nuclear Core Micro Nuclear Core Improved Heat Sink Experimental Sensor Array Microactuators Advanced ECM Suite Relay Coupler [NC] (21) Relay Coupler [Swarmer] (29) Enhanced Autogun Gauss Rifle Flak Gun Flak Gun Advanced Assault Cannon Remote Datajack Field Lobotomy Kit (5) Mining Laser Welding Torch Plasma Cutter Great Axe Peak State ------------ > --- POWER ------------ Micro Nuclear Core > --- PROPULSION ------- Light Treads Light Treads Light Treads > --- UTILITY ---------- High-capacity Storage Unit Targeting Computer Transmission Jammer Relay Coupler [NC] > --- WEAPON ----------- Gauss Rifle Gauss Rifle Gauss Rifle Gauss Rifle Remote Datajack > --- INVENTORY -------- Light Nuclear Core Light Nuclear Core Micro Nuclear Core Improved Heat Sink Experimental Sensor Array Microactuators Advanced ECM Suite Relay Coupler [NC] Relay Coupler [Swarmer] Gauss Rifle Flak Gun Flak Gun Flak Gun Advanced Assault Cannon Field Lobotomy Kit Mining Laser Welding Torch Plasma Cutter Heavy Flail Great Axe [Rating: 41] Favorites ----------- Power Ion Engine Engine Ion Engine Power Core Micro Nuclear Core Propulsion Light Treads Treads Light Treads Utility Targeting Computer Device Transmission Jammer Storage Large Storage Unit Processor Targeting Computer Hackware Relay Coupler [NC] Weapon Gauss Rifle Energy Gun EM Pulse Gun Ballistic Gun Gauss Rifle Ballistic Cannon Improved Light Cannon Special Weapon Mining Laser Impact Weapon Hammer Special Melee Weapon Datajack Build | -11 -10 -10 -10 -9 -8 -8 -7 ------- Run | Yrd Mat Min Exi Min Mat Gar Fac Slots Evolved 6 | . . . . . 4 . 2 Power . | . . . . . . . . Propulsion 1 | . . . . . 1 . . Utility 2 | . . . . . . . 2 Weapon 3 | . . . . . 3 . . Parts Attached 58 | 7 14 4 3 5 8 9 8 Power 6 | 1 1 2 . . . 1 1 Engine 5 | 1 1 2 . . . 1 . Core 1 | . . . . . . . 1 Reactor . | . . . . . . . . Propulsion 11 | 2 1 1 . 1 3 2 1 Treads 11 | 2 1 1 . 1 3 2 1 Leg . | . . . . . . . . Wheel . | . . . . . . . . Hover . | . . . . . . . . Flight . | . . . . . . . . Utility 10 | 2 3 . . . . 1 4 Device 4 | 1 . . . . . . 3 Storage 4 | 1 2 . . . . 1 . Processor 1 | . 1 . . . . . . Hackware 1 | . . . . . . . 1 Protection . | . . . . . . . . Artifact . | . . . . . . . . Weapon 31 | 2 9 1 3 4 5 5 2 Energy Gun 5 | 1 4 . . . . . . Energy Cannon . | . . . . . . . . Ballistic Gun 15 | 1 3 . 2 2 5 1 1 Ballistic Cannon 1 | . . . . . . 1 . Launcher . | . . . . . . . . Special Weapon 5 | . . . . 2 . 2 1 Impact Weapon 3 | . 1 1 . . . 1 . Slashing Weapon . | . . . . . . . . Piercing Weapon . | . . . . . . . . Special Melee Weapon 2 | . 1 . 1 . . . . Unidentified Prototypes 2 | . 1 . . 1 . . . Parts Lost 13 | . 4 3 . 1 . 2 3 Power 3 | . 1 2 . . . . . Propulsion 6 | . 1 1 . 1 . 1 2 Utility . | . . . . . . . . Weapon 4 | . 2 . . . . 1 1 Highest Loss Streak 2 | . 2 2 . 1 . 2 2 To Critical Strikes . | . . . . . . . . Average Slot Usage (%) 98 | . 98 99 100 100 93 99 95 Engine 11 | . 13 13 14 14 9 9 5 Treads 26 | . 27 27 28 28 23 27 22 Storage 11 | . 14 14 14 14 9 9 7 Processor 11 | . 12 14 14 14 9 9 7 Energy Gun 1 | . 8 . . . . . . Ballistic Gun 25 | . 12 25 9 27 42 37 31 Special Weapon 1 | . . . . . . 4 5 Impact Weapon 3 | . 3 2 13 . . 1 . Special Melee Weapon 1 | . 3 . 4 . . . . Peak Build Rating 41 | 9 12 13 14 21 29 31 41 Average Rating 19 | 5 8 12 11 13 27 29 37 On Entrance 14 | . 9 12 11 14 14 29 29 Naked Turns . | . . . . . . . . Heaviest Build 67 | 14 29 30 31 31 44 64 67 Greatest Support 60 | 40 40 40 40 40 60 60 60 Greatest Overweight (x) 4 | 4 . . . . 1 1 1 Average Overweight (x) . | 1 . . . . . . 1 Largest Inventory Capacity 20 | 8 15 15 15 15 15 20 20 Average Capacity 14 | 7 8 15 15 15 15 15 20 Most Carried 20 | 3 10 13 15 15 15 16 20 Average Carried 13 | . 7 10 14 14 14 15 18 Final Capacity 20 | 8 15 15 15 15 15 20 20 Final Carried 20 | 3 10 13 15 14 15 16 20 Class Distribution -------------------- 61% | Mutant 24% | Scavenger-Skirmisher 13% | Skirmisher Dominant Class ---------------- Mutant | -10/Materials Mutant | -10/Mines Mutant | -10/Exiles Mutant | -9/Mines Skirmisher | -8/Materials Scavenger-Skirmisher | -8/Garrison Scavenger-Skirmisher | -7/Factory Resources | -11 -10 -10 -10 -9 -8 -8 -7 ----------- Run | Yrd Mat Min Exi Min Mat Gar Fac Matter Collected 2024 | 272 115 333 . 103 616 545 40 Remotely . | . . . . . . . . Salvage Created 2887 | 110 598 343 . 104 881 770 81 Parts 177 | 4 40 24 . 12 47 44 6 Haulers Intercepted 3 | . 2 . . . 1 . . Recyclers Shooed 1 | . . . . . 1 . . Parts Field Recycled . | . . . . . . . . Retrieved Matter . | . . . . . . . . Parts Self-Destructed . | . . . . . . . . Prevented . | . . . . . . . . Kills | -11 -10 -10 -10 -9 -8 -8 -7 ------- Run | Yrd Mat Min Exi Min Mat Gar Fac Combat Hostiles Destroyed 60 | . 13 9 . 7 11 18 2 Melee 5 | . 2 2 . . . 1 . Guns 51 | . 7 7 . 7 11 17 2 AOE 1 | . 1 . . . . . . Classes Destroyed 14 | 2 6 1 . . 2 3 . Worker 1 | . . 1 . . . . . Builder 2 | . 1 . . . 1 . . Tunneler 2 | 1 1 . . . . . . Hauler 3 | . 2 . . . 1 . . Recycler 3 | 1 . . . . 2 . . Operator 1 | . 1 . . . . . . Watcher 5 | . 2 . . . 3 . . Swarmer 18 | . 5 3 . 7 . 3 . Grunt 32 | . 8 6 . . 8 10 . Brawler 1 | . . . . . . 1 . Duelist 1 | . . . . . 1 . . Sentry 3 | . . . . . 2 1 . Hunter 2 | . . . . . . 2 . Programmer 3 | . . . . . . 1 2 Best Kill Streak 8 | 2 3 3 . 4 5 8 1 Combat Bots Only 8 | . 3 3 . 4 4 8 1 Max Kills in Single Turn 3 | 1 1 1 . 2 3 2 1 Gunslinging 1 | . . . . 1 . 1 . Exploded 1 | . 1 . . . . . . Melee 1 | . 1 1 . . . 1 . Uniques/NPCs Destroyed . | . . . . . . . . Combat | -11 -10 -10 -10 -9 -8 -8 -7 -------- Run | Yrd Mat Min Exi Min Mat Gar Fac Hostile Shots Fired 316 | . 94 37 . 52 27 74 32 Missed 103 | . 31 10 . 22 11 19 10 Damage Taken 2873 | . 714 345 . 239 261 843 471 Core 454 | . 127 54 . 36 26 140 71 Absorbed by Shields . | . . . . . . . . Core Remaining (%) 60 | 100 . . . 13 . 69 . Volleys Fired 202 | 5 61 24 . 20 26 55 11 Largest 5 | 2 2 2 . 2 5 5 5 Hottest 151 | 60 90 46 . 100 135 151 140 Shots Fired 538 | 10 118 48 . 35 125 170 32 Gun 496 | 10 118 48 . 30 125 138 27 Cannon 6 | . . . . . . 6 . Launcher . | . . . . . . . . Special 36 | . . . . 5 . 26 5 Kinetic 444 | 5 65 48 . 30 125 144 27 Thermal 55 | . 24 . . 5 . 26 . Explosive . | . . . . . . . . Electromagnetic 34 | 5 29 . . . . . . Robot Hit Streak 17 | 6 11 17 . 8 13 9 6 Robot Miss Streak 7 | 1 6 2 . 3 2 7 4 Penetration Max 1 | . . . . . 1 1 . Secondary Targets 11 | . 1 1 . 2 . 7 . Max Gunslinging Chain 2 | . 1 1 . 1 . 2 . Shots Hit Robots 306 | 8 76 38 . 13 65 87 19 Core Hits 127 | 4 24 14 . 8 32 40 5 Critical Kills 2 | . . 1 . . . 1 . Critical Parts Destroyed 7 | . 3 1 . 1 . 1 1 Critical Strikes 9 | . 3 2 . 1 . 2 1 Destroy 5 | . . 1 . 1 . 2 1 Smash 4 | . 3 1 . . . . . Melee Attacks 26 | . 22 3 . . . 1 . Impact 26 | . 22 3 . . . 1 . Slashing . | . . . . . . . . Piercing . | . . . . . . . . Sneak Attacks . | . . . . . . . . Combat Hostiles . | . . . . . . . . Follow-up Attacks . | . . . . . . . . Damage Inflicted 5391 | 95 1279 578 . 203 1333 1609 294 Guns 4746 | 95 721 537 . 202 1333 1570 288 Cannons 15 | . . . . . . 15 . Explosions 87 | . 87 . . . . . . Melee 531 | . 469 38 . . . 24 . Ramming 12 | . 2 3 . 1 . . 6 Kinetic 4397 | 44 408 537 . 202 1333 1585 288 Thermal 233 | . 233 . . . . . . Explosive . | . . . . . . . . Electromagnetic 218 | 51 167 . . . . . . Impact 531 | . 469 38 . . . 24 . Slashing . | . . . . . . . . Piercing . | . . . . . . . . Highest Corruption 1 | . . . . . . . 1 Average Corruption 1 | . . . . . . . 1 Corruption Purged . | . . . . . . . . Corruption Blocked . | . . . . . . . . Overload Shots . | . . . . . . . . Overflow Damage 91 | . 74 17 . . . . . Projectiles . | . . . . . . . . Explosions . | . . . . . . . . Melee 91 | . 74 17 . . . . . Knockbacks 2 | . 2 . . . . . . Impact 2 | . 2 . . . . . . Kinetic . | . . . . . . . . Secondary . | . . . . . . . . Self-Inflicted Damage 125 | . 6 . . . . . 119 Shots 3 | . 1 . . . . . 2 Rammed 6 | . 2 2 . 1 . . 1 Targets Rammed 6 | . 2 2 . 1 . . 1 Kicked . | . . . . . . . . Crushed . | . . . . . . . . Highest Temperature 503 | 40 366 22 . 42 243 503 87 Average Temperature 107 | 20 86 9 . 15 102 177 33 Received Heat Transfer 861 | . 312 198 . . 126 225 . Effects 12 | . 5 . . . 1 6 . Shutdowns 2 | . . . . . . 2 . Energy Bleed 4 | . 1 . . . 1 2 . Interference 3 | . 3 . . . . . . Matter Decay 1 | . . . . . . 1 . Damage (minor) 1 | . 1 . . . . . . Damage (major) 1 | . . . . . . 1 . Siege Activations . | . . . . . . . . Robots Corrupted 3 | . 3 . . . . . . Combat Hostiles 3 | . 3 . . . . . . Parts Fried 4 | . 1 3 . . . . . Impact Corruptions 6 | . 5 1 . . . . . Robots Melted . | . . . . . . . . Combat Hostiles . | . . . . . . . . Parts Melted 2 | . 2 . . . . . . Heat Transferred 449 | . 449 . . . . . . Parts Sabotaged . | . . . . . . . . Parts Stolen . | . . . . . . . . Parts Stripped . | . . . . . . . . Power Chain Reactions 2 | . 2 . . . . . . Alert | -11 -10 -10 -10 -9 -8 -8 -7 ------- Run | Yrd Mat Min Exi Min Mat Gar Fac Peak Influence 957 | 10 275 171 . 185 459 957 531 Initial 501 | . 6 51 . . 27 201 501 Average 280 | 3 118 77 . 33 190 694 424 Maximum Alert Level 3 | . 1 . . . 2 3 2 Low Security (%) 55 | 100 79 100 . 100 54 . . Level 1 15 | . 20 . . . 23 9 56 Level 2 15 | . . . . . 21 34 43 Level 3 13 | . . . . . . 55 . Level 4 . | . . . . . . . . Level 5 . | . . . . . . . . High Security . | . . . . . . . . Max Security . | . . . . . . . . Squads Dispatched 10 | . 4 . . . 3 . 3 Investigation 4 | . 3 . . . . . 1 Extermination 2 | . . . . . . . 2 Reinforcement 2 | . 1 . . . 1 . . Assault . | . . . . . . . . Garrison 2 | . . . . . 2 . . Intercept . | . . . . . . . . Searches Triggered . | . . . . . . . . Construction Impeded . | . . . . . . . . Haulers Reinforced . | . . . . . . . . Active Scanning Responses . | . . . . . . . . Cargo Convoy Interrupts 1 | . . . . . . . 1 Stealth | -11 -10 -10 -10 -9 -8 -8 -7 --------- Run | Yrd Mat Min Exi Min Mat Gar Fac Distress Signals 6 | . 1 . . 1 4 . . Communications Jammed . | . . . . . . . . Distress Signals . | . . . . . . . . Times Spotted 92 | . 24 8 . 9 20 22 9 Peak Tracking Total 8 | . 5 3 . 4 5 8 4 Tactical Retreats 9 | . 1 . . 1 1 6 . Traps | -11 -10 -10 -10 -9 -8 -8 -7 ------- Run | Yrd Mat Min Exi Min Mat Gar Fac Traps Triggered 1 | . 1 . . . . . . Indirectly . | . . . . . . . . Trap Hack Attempts . | . . . . . . . . Triggered . | . . . . . . . . Disarmed . | . . . . . . . . Reprogrammed . | . . . . . . . . Reused . | . . . . . . . . Traps Extracted . | . . . . . . . . Installed . | . . . . . . . . Triggered 1 | . . . . . . . 1 Machines | -11 -10 -10 -10 -9 -8 -8 -7 ---------- Run | Yrd Mat Min Exi Min Mat Gar Fac Machines Disabled 7 | . 1 . . . 3 . 3 Max in Single Turn 2 | . 1 . . . 1 . 2 Machines Repaired . | . . . . . . . . Machines Dismantled . | . . . . . . . . Machines Sabotaged . | . . . . . . . . Overloaded Fab Kills . | . . . . . . . . Hacking | -11 -10 -10 -10 -9 -8 -8 -7 --------- Run | Yrd Mat Min Exi Min Mat Gar Fac Machines Accessed 15 | . 8 . . . 2 3 2 Terminals 12 | . 7 . . . 1 3 1 Fabricators . | . . . . . . . . Repair Stations . | . . . . . . . . Recycling Units 2 | . 1 . . . . . 1 Scanalyzers . | . . . . . . . . Garrison Access 1 | . . . . . 1 . . Total Hacks 37 | . 20 . . . 8 5 4 Successful 16 | . 9 . . . 4 1 2 Failed 21 | . 11 . . . 4 4 2 Catastrophic 2 | . 1 . . . . . 1 Database Lockouts . | . . . . . . . . Manual 19 | . 13 . 1 . 3 . 2 Terminals 33 | . 19 . . . 7 5 2 Fabricators . | . . . . . . . . Repair Stations . | . . . . . . . . Recycling Units 3 | . 1 . . . . . 2 Scanalyzers . | . . . . . . . . Garrison Access 1 | . . . . . 1 . . Terminal Hacks 7 | . 4 . . . 1 1 1 Record 1 | . . . . . . . 1 Branch Access Points 1 | . 1 . . . . . . Emergency Access Points 1 | . . . . . . 1 . Terminal Index 1 | . 1 . . . . . . Locate Traps 1 | . 1 . . . . . . Recall Investigation 1 | . . . . . 1 . . Zone Layout 1 | . 1 . . . . . . Fabricator Hacks . | . . . . . . . . Repair Station Hacks . | . . . . . . . . Recycling Unit Hacks . | . . . . . . . . Scanalyzer . | . . . . . . . . Garrison Access Hacks 1 | . . . . . 1 . . Unlock Access 1 | . . . . . 1 . . Unauthorized Hacks 8 | . 5 . . . 2 . 1 Terminals 6 | . 4 . . . 2 . . Track 2 | . 1 . . . 1 . . Botnet 4 | . 3 . . . 1 . . Fabricators . | . . . . . . . . Repair Stations . | . . . . . . . . Recycling Units 2 | . 1 . . . . . 1 Tunnel 2 | . 1 . . . . . 1 Scanalyzers . | . . . . . . . . Garrison Access . | . . . . . . . . Data Cores Recovered . | . . . . . . . . Used . | . . . . . . . . Hacking Detections 12 | . 7 . . . 2 2 1 Full Trace Events 2 | . 1 . . . . 1 . Feedback Events . | . . . . . . . . Feedback Blocked . | . . . . . . . . Robot Schematics Acquired . | . . . . . . . . Robots Built . | . . . . . . . . Authchips . | . . . . . . . . Time . | . . . . . . . . Total Robot Build Rating . | . . . . . . . . Part Schematics Acquired . | . . . . . . . . Parts Built . | . . . . . . . . Authchips . | . . . . . . . . Time . | . . . . . . . . Total Part Build Rating . | . . . . . . . . Parts Repaired . | . . . . . . . . Time . | . . . . . . . . Parts Recycled . | . . . . . . . . Recycled Matter . | . . . . . . . . Retrieved Matter . | . . . . . . . . Retrieved Components . | . . . . . . . . Parts Scanalyzed . | . . . . . . . . Part Schematics Acquired . | . . . . . . . . Parts Damaged . | . . . . . . . . Bothacking | -11 -10 -10 -10 -9 -8 -8 -7 ------------ Run | Yrd Mat Min Exi Min Mat Gar Fac Used RIF Installer 1 | . . . . . . 1 . Robots Hacked 2 | . . . . . . . 2 Non-combat 2 | . . . . . . . 2 Combat . | . . . . . . . . Robot Hacks Applied 3 | . . . . . . . 3 map_walls 1 | . . . . . . . 1 map_earth 1 | . . . . . . . 1 link_fov 1 | . . . . . . . 1 Relay Couplers Released 6 | . . . . . . 3 3 Machine Destruction 3 | . . . . . . . 3 Programmers 3 | . . . . . . 3 . Attached 1 | . . . . . . . 1 Fabnet Peak Effective % . | . . . . . . . . Robots Rewired . | . . . . . . . . Allies Hacked . | . . . . . . . . Hacks Repelled . | . . . . . . . . Allies | -11 -10 -10 -10 -9 -8 -8 -7 -------- Run | Yrd Mat Min Exi Min Mat Gar Fac Total Allies 1 | . . 1 . . . . . Largest Group 1 | . . 1 1 . . . . Highest-Rated Group 31 | . . 31 31 . . . . Highest-Rated Ally 31 | . . 31 31 . . . . Total Orders . | . . . . . . . . Ally Attacks 2 | . . 2 . . . . . Total Damage 21 | . . 21 . . . . . Kills . | . . . . . . . . Allies Corrupted . | . . . . . . . . Allies Melted . | . . . . . . . . Intel | -11 -10 -10 -10 -9 -8 -8 -7 ------- Run | Yrd Mat Min Exi Min Mat Gar Fac Robot Analysis Total . | . . . . . . . . Derelict Logs Recovered 3 | . . 2 . 1 . . . Drone Launches . | . . . . . . . . Drone Recoveries . | . . . . . . . . Exploration | -11 -10 -10 -10 -9 -8 -8 -7 ------------- Run | Yrd Mat Min Exi Min Mat Gar Fac Turns Passed 7640 | 82 1284 1052 1001 1252 447 1597 925 Spaces Moved 3697 | 32 614 598 620 490 178 801 364 Core 11 | 11 . . . . . . . Treads 3686 | 21 614 598 620 490 178 801 364 Legs . | . . . . . . . . Wheels . | . . . . . . . . Hover . | . . . . . . . . Flight . | . . . . . . . . Fastest Speed 50 | 50 160 160 160 160 160 160 240 Average Speed 169 | 175 160 160 160 160 181 164 240 Slowest Speed 250 | 250 160 160 160 160 240 240 240 Overloaded Moves . | . . . . . . . . Propulsion Burnouts . | . . . . . . . . Robots Hopped . | . . . . . . . . Cave-ins Triggered . | . . . . . . . . Exploration Rate (%) 55 | 4 87 98 91 63 17 70 14 Regions Visited 7 Branch Regions 3 Pre-discovered Areas 2 | . 1 . . . . . 1 Known Exits Taken 2 | . 1 . . . 1 . . Unknown Exits Taken 4 | 1 . 1 1 1 . . . Scrap Searched 5 | . . 2 . 3 . . . Spaces Dug 5 | . . . . 5 . . . Terrain Destroyed 63 | . 11 . . 5 3 3 41 Melee . | . . . . . . . . Projectile 8 | . . . . 5 2 1 . AOE 52 | . 11 . . . . . 41 Terrain Rammed . | . . . . . . . . Walls Destroyed . | . . . . . . . . Machines Disabled . | . . . . . . . . Actions | -11 -10 -10 -10 -9 -8 -8 -7 --------- Run | Yrd Mat Min Exi Min Mat Gar Fac Total 4548 | 46 769 638 630 912 232 928 393 Wait 482 | . 28 3 . 393 11 47 . Move 3689 | 31 613 597 619 489 177 799 364 Hop . | . . . . . . . . Pick Up 49 | 3 16 5 3 2 4 9 7 Fast Attach 20 | 7 5 1 . . 5 . 2 Attach 12 | . 3 2 2 1 . 2 2 Detach 2 | . 1 . 1 . . . . Swap 26 | . 6 1 1 4 3 7 4 Drop 31 | . 12 . 1 2 6 8 2 Fire 202 | 5 61 24 . 20 26 55 11 Melee 26 | . 22 3 . . . 1 . Ram . | . . . . . . . . Kick . | . . . . . . . . Crush 6 | . 2 2 . 1 . . 1 Escape Stasis . | . . . . . . . . Rewire 3 | . . . 3 . . . . Trap . | . . . . . . . . Miscellaneous . | . . . . . . . . Route ------- -11/Scrapyard -10/Materials (discovered 4 exits: [*Mat x3] / *Min) -10/Mines (discovered 3 exits: [*Mat x2] / *Exi) -10/Exiles (discovered 2 exits: [*Min x2]) -9/Mines -8/Materials (discovered 2 exits: Fac / Gar) -8/Garrison (discovered 2 exits: *Fac x2) -7/Factory History --------- Turn | Location | Event 17 | -11/Scrapyard | Discovered new exit (range 16) 83 | -11/Scrapyard | Entered Materials 304 | -10/Materials | Build established: Mutant 404 | -10/Materials | Discovered new exit (range 8) 679 | -10/Materials | Discovered new exit (range 4) 994 | -10/Materials | Core integrity fell below 50% 1040 | -10/Materials | Discovered new exit (range 3) 1270 | -10/Materials | Identified exit to Mines 1367 | -10/Materials | Entered Mines 1393 | -10/Mines | Met a Derelict bent on vengeance 1428 | -10/Mines | Learned location of 1 exit from Materials 1473 | -10/Mines | Discovered new exit (range 14) 1550 | -10/Mines | Escorted by a lone wolf Derelict 1696 | -10/Mines | Learned Materials stockpile data 1727 | -10/Mines | Found a damaged Exp. Sensor Array with a note attached 1732 | -10/Mines | Found Prototype Device 1885 | -10/Mines | Discovered new exit (range 15) 2163 | -10/Mines | Deemed a non-threat by the Exiles lab entrance 2165 | -10/Mines | Discovered new exit (range 5) 2419 | -10/Mines | Entered Exiles 2419 | -10/Exiles | Accompanied by 1 ally 2458 | -10/Exiles | Met 8R-AWN 2491 | -10/Exiles | Met EX-HEX 2541 | -10/Exiles | Met EX-BIN 2560 | -10/Exiles | Aligned with FarCom system 2562 | -10/Exiles | Given EX-Vault access code 2616 | -10/Exiles | Opened EX-Vault 2619 | -10/Exiles | Found Prototype Special Weapon 2649 | -10/Exiles | Warned to stay clear of 0b10 Research branches 2696 | -10/Exiles | Met EX-DEC 2806 | -10/Exiles | Discovered new exit (range 14) 2929 | -10/Exiles | Visited The Gauntlet 3207 | -10/Exiles | Discovered new exit (range 15) 3420 | -10/Exiles | Left Exiles lab with Field Lobotomy Kit 3420 | -10/Exiles | Entered Mines 3455 | -9/Mines | Assembled infested the area 3732 | -9/Mines | Learned Materials security intel 4223 | -9/Mines | Identified Field Lobotomy Kit 4266 | -9/Mines | Discovered new exit (range 10) 4490 | -9/Mines | Core integrity fell below 20% 4672 | -9/Mines | Entered Materials 4672 | -8/Materials | Evolved 4 slots: Propulsion x1, Weapon x3 4673 | -8/Materials | Identified exit to Factory 4928 | -8/Materials | Garrison activated, responded to threat 5011 | -8/Materials | Build established: Skirmisher 5065 | -8/Materials | Garrison activated, responded to threat 5117 | -8/Materials | Identified exit to Garrison 5119 | -8/Materials | Entered Garrison 5235 | -8/Garrison | Triggered checkpoint 5326 | -8/Garrison | Destroyed 8 combat bots 5379 | -8/Garrison | Discovered exit to Factory (range 11) 5561 | -8/Garrison | Triggered checkpoint 5659 | -8/Garrison | Triggered checkpoint 5759 | -8/Garrison | Installed Relay Interface Framework 6109 | -8/Garrison | Build established: Scavenger-Skirmisher 6346 | -8/Garrison | Discovered exit to Factory (range 11) 6716 | -8/Garrison | Entered Factory 6716 | -7/Factory | Evolved 2 slots: Utility x2 7391 | -7/Factory | Cargo convoy interrupted 7641 | -7/Factory | Self-destructed Last Messages --------------- 07532_ U-05 Engineer builds a Wall. 07535_ The unstable cave ceiling collapses. 07536_ U-05 Engineer builds a Wall. 07539_ The unstable cave ceiling collapses. 07540_ U-05 Engineer builds a Wall. 07589_ Connecting with Fabricator... 07628_ C-30 ARC bursts open, deploying its payload. 07628_ P-60 Hacker unfolds itself. 07628_ H-55 Commando unfolds itself. 07628_ X-67 Chaingunner unfolds itself. 07628_ H-55 Commando unfolds itself. 07628_ M-28 Smith unfolds itself. 07635_ Slug penetrates Subcomponent Replicator. 07636_ Penetrated by Slug. 07637_ Lgt. Treads destroyed. 07639_ Gauss Rifle destroyed. 07639_ Slug penetrates X-67 Chaingunner. 07639_ Subcomponent Replicator disabled. Map ----- +----------------------------------------------------+ | ### # #????????????????????????????????? | | #?# [ ##????????????????????????????????? | | ### ############???????????????????????????????? | | # # #???????????????????????????????? | | # T # #???????????????????????????????? | | # "" + """ #???????????????????????????????? | | # # """ #???????????????????????????????? | | # # """ #???????????????????????????????? | | ?###+### #???????????????????????????????? | | ??? ?# """ #???????????????????????????????? | | ???[ ?# """ #???????????????????????????????? | | ??? ?# """ #???????????????????????????????? | | ???? ?# [ #???????????????????????????????? | | ????????# """ #???????????????????????????????? | | ????????# """ #???????????????????????????????? | | ????????# """ #???????????????????????????????? | | ????????# #???????????????????????????????? | | ????????# """ #???????????????????????????????? | | ????????# """ #???????????????????????????????? | | ????????# """ #???????????????????????????????? | | ??###+### ####################????????????? | | ??# ##+######## h #????????????? | | ??# ######% #????????????? | | ??# + """""x""""" #????????????? | | ??# "" #### """"" """" / ??????????? | | ??# """ #??# """ @""" k ??????????????? | | ??# "F #??# h ??????????????? | | ??# """ #??# ?????????????? | | ??# "" #??#####+############?????????????? | | ??# #??????# #????????????????????????? | | ? """ #??????#p#????????????????????????? | | """ ????? #????????????????????????? | | """ ???? ?????????????????????????? | | ##### ?? ?? ?????????????????????????? | | ????#??? ???????????????????????????? | | ???????? ???????????????????????????? | | ????????####+#########???????????????????????????? | | ?????????????????????????????????????????????????? | | ?????????????????????????????????????????????????? | | ?????????????????????????????????????????????????? | | ?????????????????????????????????????????????????? | | ?????????????????????????????????????????????????? | | ?????????????????????????????????????????????????? | | ?????????????????????????????????????????????????? | | ?????????????????????????????????????????????????? | | ?????????????????????????????????????????????????? | | ?????????????????????????????????????????????????? | | ?????????????????????????????????????????????????? | | ?????????????????????????????????????????????????? | | ?????????????????????????????????????????????????? | +----------------------------------------------------+ Best States ------------- Heat Dissipation 34 Energy Generation 15 Energy Capacity 265 Matter Stores 300 Matter Capacity 300 Sight Range 16 Terrain Scan Range 16 Terrain Scan Density 10 Jamming Range 12 Evasion (%) 40 Targeting Accuracy 5 Recoil Reduction 3 Relay Coupler Types 1 Relay Coupler Value 15 Item Schematics ----------------- None Robot Schematics ------------------ None Fabricated ------------ Nothing Alien Tech Used ----------------- None Achievements -------------- Brute Force Challenges ------------ None Game ------ Seed SignalFireModule Manual? 0 Play Time 01:03:55 Cumulative 32.9 hours Start 2024.08.18 @ 11:42:35 End 2024.08.18 @ 12:47:08 Sessions 1 Manual Loads 0 Difficulty Rogue Special Mode None Game No. 45 Rogue 45 Adventurer 0 Explorer 0 Win Type - Total 0 Types 0/0/0/0/0/0/0/0/0 Lore% 12 Gallery% 21 Achievement% 20 Wizard Run 0 Options --------- Layout 1 ASCII 0 Keyboard 0 Movement Numpad Keybinds 0 Fullscreen 1 Font 32/SmallcapsGlow Map View 50x40 Zoom Use 4% Tactical HUD 1 Map Filters NONE Filters NONE Steam 1 RUN: 5322ca43-9eb0-45f7-83a8-dd649a434dc0